 Dungeon Crawl Stone Soup version 0.28-a0-1347-g113dc556a4 (webtiles) character file.

Game seed: 13380399900736739522

136 oldriver the Caller (level 4, 18/18 HPs)
             Began as a Felid Summoner on Dec 29, 2021.
             Was an Initiate of Gozag.
             Quit the game on level 5 of the Dungeon.
             The game lasted 00:09:26 (5671 turns).

oldriver the Caller (Felid Summoner)                Turns: 5671, Time: 00:09:27

Health: 18/18      AC:  1    Str:  4    XL:     4   Next: 98%
Magic:  11/11      EV: 17    Int: 19    God:    Gozag
Gold:   192        SH:  0    Dex: 16    Spells: 2/11 levels left
                                        Lives:  0   Deaths: 1

rFire   . . .      SeeInvis +   (weapon unavailable)
rCold   . . .      Faith    .   (shield unavailable)
rNeg    . . .      Spirit   .   (armour unavailable)
rPois   +          Reflect  .   (helmet unavailable)
rElec   .          Harm     .   (cloak unavailable)
rCorr   .          Rampage  .   (gloves unavailable)
Will    .....                   (boots unavailable)
Stlth   ++........              (no amulet)
HPRegen 0.06/turn               d - ring of poison resistance
MPRegen 0.12/turn               h - ring of wizardry

@: quick
A: very small, claws 1, fangs 3, see invisible, speed 1, shaggy fur 1, stealthy
paws, no weapons or thrown items, no armour, multi-lived
a: Renounce Religion, Potion Petition, Call Merchant, Bribe Branch


You were on level 5 of the Dungeon.
You worshipped Gozag.
Gozag was aware of your devotion.
You visited 2 branches of the dungeon, and saw 6 of its levels.

You collected 251 gold pieces.
You paid 59 gold pieces to Gozag.

Inventory:

Jewellery
 d - a ring of poison resistance (left paw)
 h - a ring of wizardry (right paw)
Scrolls
 b - 2 scrolls of enchant armour {unknown}
 c - 2 scrolls of noise {unknown}
 e - a scroll of blinking {unknown}
 g - 2 scrolls of identify {unknown}
 k - a scroll of teleportation {unknown}
 l - 3 scrolls of summoning {unknown}
 m - a scroll of magic mapping {unknown}
Potions
 a - 2 potions of lignification {unknown}
 f - a potion of cancellation {unknown}
 i - a potion of haste {unknown}
 j - a potion of curing {unknown}


   Skills:
 - Level 2.6 Dodging
 - Level 2.6 Stealth
 + Level 4.0 Spellcasting
 + Level 3.2 Hexes
 + Level 5.5 Summonings


You had 2 spell levels left.
You knew the following spells:

 Your Spells              Type           Power      Damage    Failure   Level
a - Summon Small Mammal   Summ           96%        N/A       1%          1
b - Call Imp              Summ           24%        N/A       1%          2
c - Call Canine Familiar  Summ           24%        N/A       1%          3
d - Summon Guardian Gole  Hex/Summ       20%        N/A       2%          3

Your spell library contained the following spells:

 Spells                   Type           Power      Damage    Failure   Level
 Summon Lightning Spire   Summ/Air       14%        N/A       17%         4
 Hailstorm                Conj/Ice       3%         3d3       45%         4
 Ice Form                 Ice/Tmut       3%         N/A       45%         4
 Simulacrum               Ice/Necr       1%         N/A       100%        6


Dungeon Overview and Level Annotations

Branches:
Dungeon (5/15)             Temple (1/1) D:4

Altars:
Ashenzari
Cheibriados
Dithmenos
Elyvilon
Fedhas
Gozag
Kikubaaqudgha
Makhleb
Nemelex Xobeh
Okawaru
Qazlal
Ru
Sif Muna
Trog
Uskayaw
Vehumet
Yredelemnul
Zin
Beogh

Shops:
D:4 *

Annotations:
D:3 2 runed translucent doors, bearlyready's ghost, amateur MiCA


Innate Abilities, Weirdness & Mutations

You have sharp claws.
You have razor-sharp teeth.
You have supernaturally acute eyesight. (SInv)
You cover ground quickly. (Speed+)
You are covered in fur. (AC +1)
Your paws help you pounce on unaware monsters.
You are incapable of wielding weapons or throwing items.
You cannot wear armour.
You gain extra lives every three experience levels.


Message History

Aim: an orc priest, wielding a +0 dagger (lightly wounded, ally target) Attack!
Your shadow imp misses the orc priest.
The orc priest hits your shadow imp with a +0 dagger.
Unknown command.
You open the door.
An orc priest comes into view. It is wielding a +0 flail.
What are your orders? t - Meow!
Orders for allies: a - Attack new target. r - Retreat! s - Stop attacking. g - Guard the area. f - Follow me.
Anything else - Cancel.
Gang up on whom?
Press: ? - help, Dir - move target, f - orc priest
Aim: an orc priest, wielding a +0 flail
Okay, then.
You swap places.
You swap places.
Your bat hits the orc priest. What are your orders? t - Meow!
Orders for allies: a - Attack new target. p - Attack previous target. r - Retreat! s - Stop attacking. g - Guard the area. f - Follow me.
Anything else - Cancel.
Gang up on whom?
Press: ? - help, Dir - move target, f/p - orc priest
Aim: an orc priest, wielding a +0 dagger (lightly wounded, ally target) Attack!
The orc priest hits your bat with a +0 dagger.
Your hound misses the orc priest.
Your bat hits the orc priest but does no damage.
The orc priest invokes the aid of Beogh against you.
Beogh smites you!
Ouch! That really hurt!
You die...
You are now level 4!
You rejoin the land of the living...
Unknown command.
Are you sure you want to abandon this character and quit the game? (Confirm with "yes".)

...#
..#
#..#
..##
##..#
...#
....#
...#
...#
...#
#..#
...#
##..#
......
#...#
.......
#..@#
.......
+...#
.####..
##+##
## ..


There were no monsters in sight!

Vanquished Creatures
  An adder (D:2)
  3 ball pythons
  An endoplasm (D:1)
  A giant cockroach (D:1)
  A goblin (D:2)
  3 bats (D:1)
  5 rats
15 creatures vanquished.

Vanquished Creatures (collateral kills)
  An ice beast (D:5)
  An iguana (D:4)
  An orc wizard (D:4)
  2 adders
  2 worms (D:2)
  3 dart slugs
  7 orcs
  4 ball pythons
  6 bats
  3 endoplasms (D:1)
  5 giant cockroaches
  5 goblins
  8 hobgoblins
  2 quokkas (D:5)
  3 frilled lizards
  4 kobolds
  2 rats
59 creatures vanquished.

Grand Total: 74 creatures vanquished

Notes
Turn   | Place    | Note
-------+----------+-------------------------------------------
     0 | D:1      | oldriver the Felid Summoner began the quest for the Orb.
     0 | D:1      | Reached XP level 1. HP: 7/7 MP: 4/4
   575 | D:1      | Noticed an orc wizard
   606 | D:1      | Reached XP level 2. HP: 11/11 MP: 4/6
   883 | D:1      | Noticed an orc warrior
  1156 | D:1      | Learned a level 2 spell: Call Imp
  1566 | D:1      | Reached XP level 3. HP: 14/14 MP: 2/8
  2031 | D:2      | Learned a level 3 spell: Call Canine Familiar
  2381 | D:2      | Reached XP level 4. HP: 18/18 MP: 4/9
  2873 | D:2      | Identified the +6 spear of Heheysh {protect, Dex+3}
  3162 | D:2      | Learned a level 3 spell: Summon Guardian Golem
  3395 | D:3      | Found a faded altar of an unknown god.
  3451 | D:3      | Reached skill level 5 in Summonings
  3637 | D:3      | Found a white marble altar of Elyvilon.
  3687 | D:3      | Found a large runed translucent door.
  3687 | D:3      | Found a large runed translucent door.
  3692 | D:3      | Noticed bearlyready's ghost (amateur MiCA)
  4010 | D:3      | Found a faded altar of an unknown god.
  4014 | D:3      | Found a bloodstained altar of Trog.
  4229 | D:4      | Reached skill level 1 in Hexes
  4795 | D:4      | Found a staircase to the Ecumenical Temple.
  4814 | D:4      | Found Ynirr's General Store.
  4890 | D:4      | Reached XP level 5. HP: 12/21 MP: 5/11
  4898 | Temple   | Entered the Ecumenical Temple
  5106 | Temple   | Became a worshipper of Gozag Ym Sagoz the Greedy
  5335 | D:5      | Entered Level 5 of the Dungeon
  5463 | D:5      | Noticed an ice beast
  5504 | D:5      | Killed an ice beast
  5670 | D:5      | Killed from afar by an orc priest
  5671 | D:5      | Reached XP level 4. HP: -4/18 MP: 5/11
  5671 | D:5      | Quit the game

Illustrated notes

Levels and vault maps discovered:
D:1:      erik_arrival_cave_to_civilisation [erik_arrival_cave_to_temple],
          layout_basic
D:2:      layout_basic, minmay_small_reverse_x
D:3:      layout_basic, nicolae_overflow_ecumenical_swirl,
          mainiacjoe_overflow_boulevard, chequers_ecumenical_altar_simple,
          ebering_ghost_disaster_area, kennysheep_generic_room_8
D:4:      layout_loops_ring, minmay_temple_entry_sparse_star, serial_shops,
          nicolae_diamond_shop
D:5:      layout_gridville, gammafunk_ghost_necromancy, uniq_duvessa,
          uniq_grinder
Temple:   compressed_dpeg_circular_temple

Skill      XL: |  1  2  3  4  5 |
---------------+----------------+-----
Spellcasting   | 3 4 |  4.0
Summonings     | 5 |  5.5
Hexes          | 2 3 |  3.2
Dodging        | |  2.6
Stealth        | |  2.6

Action                   |  1- 3 |  4- 6 || total
-------------------------+-------+-------++-------
Melee: Unarmed           |    37 |    15 ||    52
       Bite              |     2 |     1 ||     3
 Cast: Summon Small Mamm |    48 |     8 ||    56
       Call Imp          |    19 |    27 ||    46
       Call Canine Famil |       |    13 ||    13
 Stab: Sleeping          |     2 |       ||     2
Armor: Skin              |     8 |       ||     8
Dodge: Dodged            |    56 |    14 ||    70

Table legend: (Time is in decaauts)
 A = Elapsed time spent in this place.
 B = Non-inter-level travel time spent in this place.
 C = Inter-level travel time spent in this place.
 D = Time resting spent in this place.
 E = Time spent auto-exploring this place.
 F = Levels seen in this place.
 G = Mean time per level.
                   A        B        C        D        E       F      G
               +--------+--------+--------+--------+--------+-----+--------+
         Total |   5004 |   4898 |    106 |    299 |   3684 |   6 |  834.0 |
       Dungeon |   4793 |   4708 |     85 |    299 |   3519 |   5 |  958.6 |
        Temple |    211 |    190 |     21 |      0 |    164 |   1 |  211.0 |
               +--------+--------+--------+--------+--------+-----+--------+

Top non-repeatable levels by time:
     D:1: 1849 daAuts
     D:2: 995 daAuts
     D:4: 864 daAuts
     D:3: 771 daAuts
     D:5: 313 daAuts
  Temple: 211 daAuts
